TL
ARKANSAS TRAVELERS @ ALBUQUERQUE DUKES
04/28/1981
 
TOP OF THE 1ST
Arkansas Travelers batting - Pitching for Albuquerque Dukes : RHP Eric Plunk
Pitching: RHP Eric Plunk
Batting: RHB Jeff Pyburn 0-0: Swinging Strike
0-1: Foul Ball, location: 2F
0-2: Ball
1-2: Ball
2-2: Fly out, F9 (Flyball, 9, EV 91.3 MPH)
Batting: RHB Greg Gagne 0-0: Ball
1-0: SINGLE (Line Drive, 6D, EV 95.0 MPH)
Batting: LHB Randy Braun 0-0: Fly out, F9 (Flyball, 9D, EV 90.0 MPH)
Batting: LHB Mike Pagliarulo 0-0: Called Strike
0-1: Ball
1-1: Ball
2-1: Fly out, F9 (Flyball, 89M, EV 90.0 MPH)
Top of the 1st over - 0 runs, 1 hit, 0 errors, 1 left on base; Arkansas 0 - Albuquerque 0
BOTTOM OF THE 1ST
Albuquerque Dukes batting - Pitching for Arkansas Travelers : LHP Paul Gibson
Pitching: LHP Paul Gibson
Batting: RHB Aaron Cain 0-0: Called Strike
0-1: Ball
1-1: Fly out, F7 (Flyball, 7S, EV 88.8 MPH)
Batting: RHB William Hallstrom 0-0: Swinging Strike
0-1: Swinging Strike
0-2: Fly out, F7 (Flyball, 7, EV 85.0 MPH)
Batting: SHB Howard Johnson 0-0: Ball
1-0: Fly out, F8 (Line Drive, 8RD, EV 91.9 MPH)
Bottom of the 1st over - 0 runs, 0 hits, 0 errors, 0 left on base; Arkansas 0 - Albuquerque 0
TOP OF THE 2ND
Arkansas Travelers batting - Pitching for Albuquerque Dukes : RHP Eric Plunk
Batting: RHB Kenneth Foster 0-0: Called Strike
0-1: Swinging Strike
0-2: Ball
1-2: Ground out 1-3 (Groundball, 23, EV 91.3 MPH)
Batting: SHB Luis Quinones 0-0: Called Strike
0-1: Ball
1-1: Swinging Strike
1-2: Strikes out swinging
Batting: RHB Ronald Grout 0-0: Called Strike
0-1: Ball
1-1: Ground out 5-3 (Groundball, 56S, EV 75.6 MPH)
Top of the 2nd over - 0 runs, 0 hits, 0 errors, 0 left on base; Arkansas 0 - Albuquerque 0
BOTTOM OF THE 2ND
Albuquerque Dukes batting - Pitching for Arkansas Travelers : LHP Paul Gibson
Batting: RHB Bill Schroeder 0-0: Called Strike
0-1: Ball
1-1: Ball
2-1: Foul Ball, location: 2F
2-2: Foul Ball, location: 2F
2-2: Ball
3-2: Fly out, F7 (Flyball, 7, EV 78.1 MPH)
Batting: LHB Sid Bream 0-0: Called Strike
0-1: Foul Ball, location: 2F
0-2: Ball
1-2: Ball
2-2: Ground out 6-3 (Groundball, 6, EV 81.9 MPH)
Batting: RHB Matthew Tyner 0-0: Ball
1-0: Swinging Strike
1-1: Swinging Strike
1-2: Ball
2-2: Foul Ball, location: 2F
2-2: Ball
3-2: Foul Ball, location: 2F
3-2: Fly out, F4 (Popup, 4M, EV 75.6 MPH)
Bottom of the 2nd over - 0 runs, 0 hits, 0 errors, 0 left on base; Arkansas 0 - Albuquerque 0
TOP OF THE 3RD
Arkansas Travelers batting - Pitching for Albuquerque Dukes : RHP Eric Plunk
Batting: RHB Rob Deer 0-0: Ball
1-0: Called Strike
1-1: Swinging Strike
1-2: Foul Ball, location: 2F
1-2: Ground out 5-3 (Groundball, 56, EV 82.5 MPH)
Batting: RHB Dave Van Gorder 0-0: Ball
1-0: Ball
2-0: Ground out 4-3 (Groundball, 4, EV 85.6 MPH)
Batting: RHB Jeff Pyburn 0-0: Ball
1-0: Called Strike
1-1: Foul Ball, location: 2F
1-2: Fly out, F9 (Flyball, 9, EV 83.1 MPH)
Top of the 3rd over - 0 runs, 0 hits, 0 errors, 0 left on base; Arkansas 0 - Albuquerque 0
BOTTOM OF THE 3RD
Albuquerque Dukes batting - Pitching for Arkansas Travelers : LHP Paul Gibson
Batting: RHB John Hanley 0-0: Ball
1-0: Ball
2-0: Ball
3-0: Base on Balls
Batting: RHB Albert Rausch 0-0: Called Strike
0-1: Fly out, F9 (Flyball, 89S, EV 91.3 MPH)
Batting: LHB Andres Romero 0-0: Called Strike
0-1: Called Strike
0-2: Strikes out swinging
Batting: RHB Aaron Cain 0-0: Ball
1-0: Foul Ball, location: 2F
1-1: Ball
2-1: Ball
3-1: Foul Ball, location: 2F
3-2: Ground out 5-3 (Groundball, 56, EV 88.1 MPH)
Bottom of the 3rd over - 0 runs, 0 hits, 0 errors, 1 left on base; Arkansas 0 - Albuquerque 0
TOP OF THE 4TH
Arkansas Travelers batting - Pitching for Albuquerque Dukes : RHP Eric Plunk
Batting: RHB Greg Gagne 0-0: DOUBLE (Flyball, 78XD, EV 100.0 MPH)
Batting: LHB Randy Braun 0-0: Foul Ball, location: 2F
0-1: Ball
1-1: Foul Ball, location: 2F
1-2: Ball
2-2: Strikes out swinging
Pinch Hitting: RHB Jerry Johnson 0-0: Swinging Strike
0-1: Fly out, F7 (Flyball, 7, EV 93.1 MPH)
Batting: RHB Kenneth Foster 0-0: Called Strike
0-1: Ball
1-1: Foul Ball, location: 2F
1-2: Foul Ball, location: 2F
1-2: Ball
2-2: Ground out 5-3 (Groundball, 56, EV 77.5 MPH)
Top of the 4th over - 0 runs, 1 hit, 0 errors, 1 left on base; Arkansas 0 - Albuquerque 0
BOTTOM OF THE 4TH
Albuquerque Dukes batting - Pitching for Arkansas Travelers : LHP Paul Gibson
Now at 3B: Jerry Johnson
Batting: RHB William Hallstrom 0-0: Ball
1-0: Swinging Strike
1-1: Ball
2-1: Bunt missed!
2-2: Foul Ball, location: 2F
2-2: Ground out 4-3 (Groundball, 34D, EV 80.0 MPH)
Batting: SHB Howard Johnson 0-0: Ball
1-0: Foul Ball, location: 2F
1-1: Swinging Strike
1-2: Fly out, F8 (Flyball, 8LD, EV 83.8 MPH)
Batting: RHB Bill Schroeder 0-0: Called Strike
0-1: Fly out, F7 (Flyball, 78M, EV 83.1 MPH)
Bottom of the 4th over - 0 runs, 0 hits, 0 errors, 0 left on base; Arkansas 0 - Albuquerque 0
TOP OF THE 5TH
Arkansas Travelers batting - Pitching for Albuquerque Dukes : RHP Eric Plunk
Batting: SHB Luis Quinones 0-0: Ball
1-0: Swinging Strike
1-1: Ground out 4-3 (Groundball, 4, EV 97.5 MPH)
Batting: RHB Ronald Grout 0-0: Called Strike
0-1: Foul Ball, location: 2F
0-2: Ground out 1-3 (Groundball, 13S, EV 55.6 MPH)
Batting: RHB Rob Deer 0-0: Fly out, F3 (Popup, 3, EV 71.3 MPH)
Top of the 5th over - 0 runs, 0 hits, 0 errors, 0 left on base; Arkansas 0 - Albuquerque 0
BOTTOM OF THE 5TH
Albuquerque Dukes batting - Pitching for Arkansas Travelers : LHP Paul Gibson
Batting: LHB Sid Bream 0-0: Called Strike
0-1: SINGLE (Line Drive, 89S, EV 108.8 MPH)
Batting: RHB Matthew Tyner 0-0: Ball
1-0: Ball
2-0: 2-RUN HOME RUN (Line Drive, 7D, EV 96.3 MPH), Distance : 372 ft
Batting: RHB John Hanley 0-0: Foul Ball, location: 2F
0-1: Swinging Strike
0-2: Ground out 4-3 (Groundball, 4M, EV 101.3 MPH)
Batting: RHB Albert Rausch 0-0: Ball
1-0: Fly out, F8 (Flyball, 8RXD, EV 100.6 MPH)
Batting: LHB Andres Romero 0-0: Called Strike
0-1: Ball
1-1: Foul Ball, location: 2F
1-2: Ball
2-2: Ball
3-2: Strikes out swinging
Bottom of the 5th over - 2 runs, 2 hits, 0 errors, 0 left on base; Arkansas 0 - Albuquerque 2
TOP OF THE 6TH
Arkansas Travelers batting - Pitching for Albuquerque Dukes : RHP Eric Plunk
Batting: RHB Dave Van Gorder 0-0: Called Strike
0-1: Ball
1-1: Called Strike
1-2: Strikes out looking
Batting: RHB Jeff Pyburn 0-0: Called Strike
0-1: Ball
1-1: Ball
2-1: DOUBLE (Line Drive, 7LS, EV 106.9 MPH)
Batting: RHB Greg Gagne 0-0: SINGLE (Flyball, 5D, EV 88.1 MPH)
Jeff Pyburn to third
Batting: LHB Randy Braun 0-0: Ball
1-0: Fielders Choice at 2nd, 6-4 (Groundball, 56, EV 86.9 MPH)
Jeff Pyburn scores
Batting: RHB Jerry Johnson 0-0: Called Strike
0-1: Called Strike
0-2: Ball
1-2: Strikes out looking
Top of the 6th over - 1 run, 2 hits, 0 errors, 1 left on base; Arkansas 1 - Albuquerque 2
BOTTOM OF THE 6TH
Albuquerque Dukes batting - Pitching for Arkansas Travelers : LHP Paul Gibson
Batting: RHB Aaron Cain 0-0: Ground out 5-3 (Groundball, 56, EV 85.6 MPH)
Batting: RHB William Hallstrom 0-0: Foul Ball, location: 2F
0-1: Ball
1-1: Ball
2-1: Ground out 4-3 (Groundball, 4, EV 85.6 MPH)
Batting: SHB Howard Johnson 0-0: Fly out, F7 (Flyball, 78M, EV 93.1 MPH)
Bottom of the 6th over - 0 runs, 0 hits, 0 errors, 0 left on base; Arkansas 1 - Albuquerque 2
TOP OF THE 7TH
Arkansas Travelers batting - Pitching for Albuquerque Dukes : RHP Eric Plunk
Batting: RHB Kenneth Foster 0-0: Ball
1-0: Foul Ball, location: 2F
1-1: Ball
2-1: Ground out 6-3 (Groundball, 6, EV 86.3 MPH)
Batting: SHB Luis Quinones 0-0: Called Strike
0-1: Ball
1-1: Foul Ball, location: 2F
1-2: Foul Ball, location: 2F
1-2: Ball
2-2: Ball
3-2: Foul Ball, location: 2F
3-2: SINGLE (Flyball, 5D, EV 88.8 MPH)
Batting: RHB Ronald Grout 0-0: Fielders Choice at 2nd, 2-6 (Groundball, 13S, EV 66.9 MPH)
Batting: RHB Rob Deer 0-0: Fly out, F8 (Flyball, 78M, EV 95.0 MPH)
Top of the 7th over - 0 runs, 1 hit, 0 errors, 1 left on base; Arkansas 1 - Albuquerque 2
BOTTOM OF THE 7TH
Albuquerque Dukes batting - Pitching for Arkansas Travelers : LHP Paul Gibson
Batting: RHB Bill Schroeder 0-0: Called Strike
0-1: Ball
1-1: Called Strike
1-2: Fly out, F7 (Flyball, 7S, EV 87.5 MPH)
Batting: LHB Sid Bream 0-0: Called Strike
0-1: Ball
1-1: Ball
2-1: Swinging Strike
2-2: Foul Ball, location: 2F
2-2: Fly out, F7 (Flyball, 7S, EV 83.1 MPH)
Batting: RHB Matthew Tyner 0-0: Ball
1-0: Ball
2-0: Called Strike
2-1: Ball
3-1: Called Strike
3-2: Foul Ball, location: 2F
3-2: SOLO HOME RUN (Flyball, 78XD, EV 104.4 MPH), Distance : 418 ft
Batting: RHB John Hanley 0-0: Called Strike
0-1: Ball
1-1: Called Strike
1-2: Ball
2-2: Strikes out swinging
Bottom of the 7th over - 1 run, 1 hit, 0 errors, 0 left on base; Arkansas 1 - Albuquerque 3
TOP OF THE 8TH
Arkansas Travelers batting - Pitching for Albuquerque Dukes : RHP Eric Plunk
Batting: RHB Dave Van Gorder 0-0: Fly out, F5 (Popup, 56S, EV 68.8 MPH)
Batting: RHB Jeff Pyburn 0-0: Ball
1-0: Ball
2-0: Ball
3-0: Called Strike
3-1: Reached on error, E5 (Groundball, 56, EV 104.4 MPH)
Batting: RHB Greg Gagne 0-0: Ball
1-0: Swinging Strike
1-1: Ball
2-1: Foul Ball, location: 2F
2-2: Ball
3-2: Base on Balls
Jeff Pyburn to second
Batting: LHB Randy Braun 0-0: Fielders Choice at 2nd, 6-4 (Groundball, 6M, EV 96.9 MPH)
Jeff Pyburn to third
Batting: RHB Jerry Johnson 0-0: Swinging Strike
0-1: Ball
1-1: Foul Ball, location: 2F
1-2: Strikes out looking
Top of the 8th over - 0 runs, 0 hits, 1 error, 2 left on base; Arkansas 1 - Albuquerque 3
BOTTOM OF THE 8TH
Albuquerque Dukes batting - Pitching for Arkansas Travelers : LHP Paul Gibson
Batting: RHB Albert Rausch 0-0: Called Strike
0-1: Ball
1-1: Called Strike
1-2: Foul Ball, location: 2F
1-2: Strikes out looking
Batting: LHB Andres Romero 0-0: Ball
1-0: Ground out 6-3 (Groundball, 6, EV 78.1 MPH)
Batting: RHB Aaron Cain 0-0: Swinging Strike
0-1: Foul Ball, location: 2F
0-2: Ball
1-2: Strikes out swinging
Bottom of the 8th over - 0 runs, 0 hits, 0 errors, 0 left on base; Arkansas 1 - Albuquerque 3
TOP OF THE 9TH
Arkansas Travelers batting - Pitching for Albuquerque Dukes : RHP Eric Plunk
Pitching: RHP James Quinn
Batting: RHB Kenneth Foster 0-0: Ball
1-0: Fly out, F3 (Popup, 3L, EV 63.8 MPH)
Batting: SHB Luis Quinones 0-0: Ground out 2-3 (Groundball, 2L, EV 70.6 MPH)
Batting: RHB Ronald Grout 0-0: Called Strike
0-1: Ball
1-1: Ball
2-1: Ball
3-1: Called Strike
3-2: SOLO HOME RUN (Flyball, 7D, EV 91.9 MPH), Distance : 369 ft
Batting: RHB Rob Deer 0-0: Called Strike
0-1: Ball
1-1: Foul Ball, location: 2F
1-2: Foul Ball, location: 2F
1-2: Strikes out swinging
Top of the 9th over - 1 run, 1 hit, 0 errors, 0 left on base; Arkansas 2 - Albuquerque 3
Sunday, June 21st, 2020 - OOTP Baseball 21.4 Build 63